 Dungeon Crawl Stone Soup version 0.30.1-11-g7821555f0a (webtiles) character file.

Game seed: 14005540555328863395

365008 Kagerus the Phalangite (level 22, -5/196 HPs)
             Began as a Merfolk Gladiator on Oct 27, 2023.
             Was a High Priest of Okawaru.
             Slain by a caustic shrike (26 damage)
             ... on level 3 of the Depths.
             The game lasted 04:02:23 (52374 turns).

Kagerus the Phalangite (Merfolk Gladiator)         Turns: 52374, Time: 04:02:24

Health: -5/196     AC: 20    Str: 19 (20) XL:     22   Next: 53%
Magic:  31/31      EV: 30    Int:  8      God:    Okawaru [*****.]
Gold:   4015       SH: 19    Dex: 34      Spells: 7/27 levels left

rFire   + + +        W - +4 demon trident (spect)
rCold   + + .        T - +2 shield of Resistance {rF++ rC++ Will++}
rNeg    + + +        Y - +4 troll leather armour {Snorg}
rPois   +            S - +2 hat "Koelunka" {rF+ Will+ Int+2}
rElec   +            o - +2 cloak {rC+}
rCorr   +            d - +2 pair of gloves "Jihoplefy" {rPois Int+3}
SInv    .            V - +0 pair of boots of Xiothreimn {Regen+ Str+3 Int-3 Dex+4}
Will    +++++        y - amulet "Wusiuli" {RegenMP rElec rF+++ rC- Dex+3}
Stlth   ++           s - ring "Zoinul" {rPois rN+++ Will+ rCorr Int-3}
HPRegen 2.12/turn    p - ring "Gareoxta" {AC+4 Int+2 Dex+3}
MPRegen 0.62/turn

%: no passive effects
@: corroded, studying Ranged Weapons
A: (nimble swimmer 2), mertail, deterioration 1
}: 2/15 runes: barnacled, gossamer
a: Renounce Religion, Heroism, Finesse, Duel


You were on level 3 of the Depths.
You worshipped Okawaru.
Okawaru was extremely pleased with you.
You visited 7 branches of the dungeon, and saw 37 of its levels.
You also visited: Ice Cave.

You collected 5542 gold pieces.
You spent 1527 gold pieces at shops.

Inventory:

Hand Weapons
 L - a +4 trishula of holy wrath
 W - a +4 spectral demon trident (weapon)
Missiles
 c - 15 silver javelins
 j - 6 throwing nets
 m - 77 poisoned darts (quivered)
 H - 9 datura-tipped darts
 N - 17 curare-tipped darts
Armour
 d - the +2 pair of gloves "Jihoplefy" (worn) {rPois Int+3}
   (You acquired it on level 15 of the Dungeon)

   Int:       It affects your intelligence (+3).
   rPois:     It protects you from poison.
 o - a +2 cloak of cold resistance (worn)
 B - the +2 pair of boots of the Ships {+Blink rF+ Str+8 Int-2}
   (You found it on level 7 of the Dungeon)

   Str:       It affects your strength (+8).
   Int:       It affects your intelligence (-2).
   rF:        It protects you from fire.
   +Blink:    It lets you blink.
 Q - a scarf of invisibility
 R - a scarf of repulsion
 S - the +2 hat "Koelunka" (worn) {rF+ Will+ Int+2}
   (Okawaru gifted it to you on level 15 of the Dungeon)

   Int:       It affects your intelligence (+2).
   rF:        It protects you from fire.
   Will:      It increases your willpower.
 T - the +2 shield of Resistance (worn) {rF++ rC++ Will++}
   (You took it off Donald on level 2 of the Shoals)

   rF:        It greatly protects you from fire.
   rC:        It greatly protects you from cold.
   Will:      It greatly increases your willpower.
 V - the +0 pair of boots of Xiothreimn (worn) {Regen+ Str+3 Int-3 Dex+4}
   (Okawaru gifted it to you on level 4 of the Lair of Beasts)

   Str:       It affects your strength (+3).
   Int:       It affects your intelligence (-3).
   Dex:       It affects your dexterity (+4).
   Regen:     It increases your rate of health regeneration.
 Y - a +4 troll leather armour (worn) {Snorg}
Jewellery
 p - the ring "Gareoxta" (right hand) {AC+4 Int+2 Dex+3}
   (You found it on level 2 of the Dungeon)

   [ring of protection]

   AC:        It affects your AC (+4).
   Int:       It affects your intelligence (+2).
   Dex:       It affects your dexterity (+3).
 s - the ring "Zoinul" (left hand) {rPois rN+++ Will+ rCorr Int-3}
   (You took it off a merfolk impaler on level 4 of the Shoals)

   [ring of resist corrosion]

   Int:       It affects your intelligence (-3).
   rPois:     It protects you from poison.
   rN:        It renders you almost immune to negative energy.
   rCorr:     It protects you from acid and corrosion.
   Will:      It increases your willpower.
 y - the amulet "Wusiuli" (around neck) {RegenMP rElec rF+++ rC- Dex+3}
   (You took it off a deep elf demonologist on level 3 of the Elven Halls)

   [amulet of magic regeneration]

   It increases your rate of magic regeneration.
   Dex:       It affects your dexterity (+3).
   rF:        It renders you almost immune to fire.
   rC:        It makes you vulnerable to cold.
   rElec:     It insulates you from electricity.
Wands
 a - a wand of digging (15)
 w - a wand of mindburst (39)
 A - a wand of flame (15)
 D - a wand of paralysis (25)
 J - a wand of acid (18)
 Z - a wand of iceblast (29)
Scrolls
 f - 2 scrolls of enchant armour
 k - 5 scrolls of fog
 l - 6 scrolls of poison
 r - 20 scrolls of identify
 u - 12 scrolls of teleportation
 F - 7 scrolls of fear
 I - 17 scrolls of blinking
 K - 5 scrolls of amnesia
 O - 2 scrolls of magic mapping
 U - a scroll of silence
Potions
 b - a potion of invisibility
 e - a potion of cancellation
 g - a potion of heal wounds
 h - 11 potions of magic
 n - 20 potions of curing
 q - 4 potions of lignification
 t - 6 potions of berserk rage
 v - 9 potions of ambrosia
 z - 6 potions of haste
 C - 7 potions of might
 E - 6 potions of brilliance
 P - 6 potions of flight
 X - 3 potions of resistance
Miscellaneous
 i - a lightning rod (4/4)
 x - a phantom mirror
 G - a piece from Xom's chessboard (15/15)
 M - a phial of floods


   Skills:
 + Level 22.0 Fighting
 + Level 24.1 Polearms
 - Level 4.0 Throwing
 - Level 10.0 Armour
 + Level 15.5 Dodging
 - Level 15.0 Shields
 - Level 3.0 Spellcasting
 - Level 2.8 Conjurations
 - Level 4.3 Translocations
 - Level 7.8 Transmutations
 - Level 3.0 Ice Magic
 - Level 4.5 Air Magic
 - Level 5.5 Poison Magic
 + Level 12.3 Invocations
 - Level 10.2 Evocations


You had 7 spell levels left.
You knew the following spells:

 Your Spells              Type           Power      Damage    Failure   Level
a - Wereblood             Tmut           13%        N/A       3%          2
b - Teleport Other        Tloc           8%         N/A       30%         3
d - Apportation           Tloc           16%        N/A       11%         1
e - Blink                 Tloc           16%        N/A       16%         2
f - Passwall              Tmut/Erth      5%         N/A       19%         2
g - Mephitic Cloud        Conj/Pois/Air  8%         N/A       30%         3
h - Manifold Assault      Tloc           8%         N/A       71%         4
i - Swiftness             Air            8%         N/A       28%         3

Your spell library contained the following spells:

 Spells                   Type           Power      Damage    Failure   Level
 Poisonous Vapours        Pois/Air       18%        N/A       12%         2
 Shock                    Conj/Air       28%        1d4       13%         1
 Lesser Beckoning         Tloc           16%        N/A       16%         2
 Magic Dart               Conj           20%        1d4       19%         1
 Momentum Strike          Conj/Tloc      12%        3d8       21%         2
 Gell's Gravitas          Tloc           8%         N/A       30%         3
 Vhi's Electric Charge    Tloc/Air       16%        N/A       30%         3
 Frozen Ramparts          Ice            12%        1d2       45%         3
 Ozocubu's Armour         Ice            6%         N/A       45%         3
 Necrotise                Necr           4%         1d4       52%         1
 Ice Form                 Ice/Tmut       9%         N/A       54%         4
 Blade Hands              Tmut           6%         N/A       54%         5
 Scorch                   Fire           2%         2d5       65%         2
 Sublimation of Blood     Necr           1%         N/A       65%         2
 Airstrike                Air            4%         2d(1-17)  67%         4
 Dazzling Flash           Conj/Hex       6%         N/A       69%         3
 Stone Arrow              Conj/Erth      6%         3d7       69%         3
 Passage of Golubria      Tloc           8%         N/A       71%         4
 Petrify                  Tmut/Erth      7%         N/A       75%         4
 Inner Flame              Hex/Fire       1%         N/A       87%         3
 Vampiric Draining        Necr           1%         2d6       87%         3
 Irradiate                Conj/Tmut      4%         3d13      88%         5
 Flame Wave               Conj/Fire      3%         2d5       97%         4
 Fulminant Prism          Conj/Hex       1%         3d5       97%         4
 Yara's Violent Unravell  Hex/Tmut       3%         3d4       97%         5
 Arcjolt                  Conj/Air       3%         1d13      98%         5
 Anguish                  Hex/Necr       0%         N/A       99%         4
 Cause Fear               Hex            0%         N/A       99%         4
 Dispel Undead            Necr           1%         3d6       99%         4
 Iskenderun's Battlesphe  Conj           5%         2d6       99%         5
 Agony                    Necr           1%         N/A       100%        5
 Fireball                 Conj/Fire      1%         3d3       100%        5
 Metabolic Englaciation   Hex/Ice        1%         N/A       100%        5
 Silence                  Hex/Air        2%         N/A       100%        5
 Conjure Ball Lightning   Conj/Air       3%         3x3d6     100%        6
 Dispersal                Tloc           4%         N/A       100%        6
 Statue Form              Tmut/Erth      4%         N/A       100%        6
 Dragon Form              Tmut           6%         N/A       100%        7
 Enfeeble                 Hex            0%         N/A       100%        7
 Orb of Destruction       Conj           2%         9d5       100%        7
 Ozocubu's Refrigeration  Ice            3%         4d8       100%        7
 Storm Form               Tmut/Air       5%         N/A       100%        7
 Lehudib's Crystal Spear  Conj/Erth      1%         10d2      100%        8
 Necromutation            Tmut/Necr      3%         N/A       100%        8
 Fire Storm               Conj/Fire      1%         8d1       100%        9
 Summon Small Mammal      Summ           Unusable   N/A       N/A         1
 Tukima's Dance           Hex            Unusable   N/A       N/A         3
 Summon Lightning Spire   Summ/Air       Unusable   N/A       N/A         4
 Summon Ice Beast         Ice/Summ       Unusable   N/A       N/A         4
 Animate Armour           Summ/Erth      Unusable   N/A       N/A         4
 Summon Cactus Giant      Summ           Unusable   N/A       N/A         6
 Monstrous Menagerie      Summ           Unusable   N/A       N/A         7
 Summon Hydra             Summ           Unusable   N/A       N/A         7

Dungeon Overview and Level Annotations

Branches:
Dungeon (15/15)            Temple (0/1) D:6            Lair (5/5) D:11
 Shoals (4/4) Lair:2       Spider (4/4) Lair:3        Slime (0/5) Lair:5
    Orc (2/2) D:10            Elf (3/3) Orc:2        Vaults (0/5) D:13
 Depths (4/4) D:15          IceCv (visited)
    Zot: Depths:4

Altars:
Ashenzari
Elyvilon
Fedhas
Nemelex Xobeh
Okawaru
Qazlal
Vehumet
Yredelemnul
The Shining One
Jiyva

Shops:
D:15 ?   Orc:2 [(([:**   Elf:1 ?   Elf:2 !   Shoals:2 *

Portals:
Hell: Depths:1 Depths:2 Depths:3 Depths:4
Abyss: Depths:1 Depths:3
Pandemonium: Depths:2
Ziggurat: Depths:1

Annotations:
Shoals:4 Roxanne
Depths:4 exclusion: ice statue


Innate Abilities, Weirdness & Mutations

((You are very nimble when in or above water. (Stealth+, EV+, Speed+++)))
Your lower body shifts to a powerful aquatic tail in water.
Your body sometimes deteriorates upon taking damage.


Message History

The caustic shrike claws you but does no damage.
The caustic shrike claws you!
You are splashed with acid.
You resist.
There is a stone staircase leading up, spattered with blood here.
You block the caustic shrike's attack. The caustic shrike claws you!!
The acid corrodes you!
You are splashed with acid.
You resist.
* * * LOW HITPOINT WARNING * * *
The caustic shrike completely misses you.
You block the caustic shrike's attack.
The green draconian monk completely misses you.
The green draconian monk closely misses you.
You block the green draconian monk's attack.
The green draconian monk tail-slaps you but does no damage.
You climb upwards.
There is a stone staircase leading down here.
The caustic shrike claws you!!
* * * LOW HITPOINT WARNING * * *
You are splashed with acid.
You resist.
* * * LOW HITPOINT WARNING * * *
The caustic shrike completely misses you. x2
The caustic shrike attacks as you move away!
The caustic shrike completely misses you.
The green draconian monk attacks as you move away!
The green draconian monk hits you!
* * * LOW HITPOINT WARNING * * *
You block the green draconian monk's attack. x2
The green draconian monk completely misses you.
The caustic shrike claws you but does no damage.
The caustic shrike completely misses you.
The shadow dragon breathes negative energy at you.
The bolt of negative energy misses you. The caustic shrike claws you!
* * * LOW HITPOINT WARNING * * *
You are splashed with acid.
You resist.
* * * LOW HITPOINT WARNING * * *
The caustic shrike completely misses you.
The shadow dragon completely misses you.
You block the shadow dragon's attack. x2
The caustic shrike attacks as you move away!
The caustic shrike claws you!!
You die...

####'#######(...#.#...#...##.###.
####.##.........#.....#.#....†...
.....##.........#.......##.###.##
#######......#####....#..........
####..'.....##..##....##.###.###.
......#....##...........## ####..
###.#####..#......<.....# #..
≈#...#≈##..#...########### ###..
≈#...#≈##..#....@bq......## #....
≈#...#≈##..##...Db.>......###....
§#...#≈##.(.##.............##....
≈#...#≈##....###########...##....
≈#...#≈##.............(....##....
≈#...#≈##..).......###[...###....
###'#####....?...[.# ##..## #####
#≈§[.≈# #....###...# #### ####
#≈§∩.§# ###.##.....# #...


You could see a shadow dragon, a green draconian monk and 2 caustic shrikes.

Vanquished Creatures
  Mennas (Depths:3)
  A juggernaut (Depths:2)
  3 caustic shrikes (Depths:4)
  2 golden dragons (Depths:3)
  Arachne (Spider:2)
  Rupert (Orc:2)
  Jorgrun (Arena)
  A tentacled monstrosity (Depths:3)
  A walking crystal tome (Depths:2)
  3 deep elf master archers
  A lich (Depths:2)
  Asterion (Arena)
  3 deep elf blademasters
  2 sphinxes
  Kirke (Spider:4)
  5 tengu reavers
  Ilsuiw (Shoals:4)
  3 shadow dragons
  2 storm dragons
  Donald (Shoals:2)
  5 fire giants
  An iron dragon (Depths:4)
  5 deep elf sorcerers
  2 emperor scorpions
  Louise (Shoals:1)
  5 ghost moths
  10 frost giants
  Aizul (Elf:1)
  A balrug (Depths:4)
  An orc warlord (Orc:2)
  A quicksilver ooze (shapeshifter) (Elf:2)
  4 deep elf elementalists (Elf:3)
  5 broodmothers
  A cacodemon (Depths:2)
  9 stone giants
  A vampire knight (Depths:2)
  17 very ugly things
  4 deep elf demonologists (Elf:3)
  6 deep elf annihilators (Elf:3)
  4 spark wasps
  A white draconian (IceCv)
  5 dire elephants
  A blizzard demon (Depths:4)
  Snorg (D:13)
  6 merfolk impalers
  8 deep elf death magi
  8 fire dragons
  2 ettins
  5 merfolk javelineers
  2 deep elf high priests (Elf:3)
  5 rakshasas
  4 hydras
  3 merfolk avatars
  6 ice dragons
  2 radroaches
  4 centaur warriors
  2 entropy weavers
  3 jorogumos
  An ogre mage (D:15)
  3 merfolk aquamancers (Shoals:4)
  3 spriggan air magi
  A satyr (Shoals:4)
  Erica (D:8)
  3 catoblepae
  23 dancing weapons
  7 two-headed ogres
  6 tengu warriors
  9 boulder beetles
  An alligator snapping turtle (Shoals:2)
  6 deep troll shamans
  13 death yaks
  A titan zombie (Depths:2)
  2 orc high priests (Orc:2)
  4 deep troll earth magi
  Nergalle (Lair:1)
  6 spriggan berserkers
  2 vampire magi (Depths:2)
  4 sun demons
  A soul eater (Depths:2)
  Sonja (Orc:2)
  7 iron trolls
  24 deep elf knights
  6 skysharks
  4 skeletal warriors
  A fire crab (shapeshifter) (D:11)
  6 pharaoh ants
  Lodul (D:13)
  9 deep trolls
  2 quicksilver dragon simulacra (Depths:4)
  A spectral death yak (Lair:5)
  12 orb spiders
  A spectral anaconda (Lair:5)
  4 sun moths
  2 shadow wraiths
  Amaemon (D:11)
  11 sea snakes
  A glowing orange brain (Depths:1)
  A kraken simulacrum (Shoals:4)
  An obsidian statue (Lair:5)
  A wizard (Depths:1)
  A tengu zombie (Depths:2)
  Pikel (D:5)
  45 deep elf zephyrmancers
  8 necromancers
  5 steelbarb worms (Spider:1)
  21 deep elf archers
  14 harpies
  30 wolf spiders
  23 ugly things
  36 deep elf pyromancers
  A shining eye (shapeshifter) (Depths:3)
  A frost giant zombie (Depths:2)
  5 orc knights (Orc:2)
  12 manticores
  3 orc sorcerers (Orc:2)
  11 fauns
  6 cyclopes
  A sphinx skeleton (Depths:2)
  2 moths of wrath (Spider:2)
  A faun (shapeshifter) (Depths:2)
  11 elephants
  7 merfolk sirens
  A guardian serpent (shapeshifter) (D:14)
  3 dire elephant zombies (Lair:5)
  Maurice (D:13)
  5 water nymphs
  2 ice statues (IceCv)
  18 demonic crawlers
  2 black mambas (Lair:5)
  A fire giant skeleton (Depths:2)
  12 cane toads
  2 orange demons
  7 torpor snails
  9 rime drakes
  A cane toad (shapeshifter) (Depths:3)
  10 komodo dragons
  A kobold demonologist (D:11)
  A red devil (Depths:2)
  2 freezing wraiths (Depths:4)
  6 tengu conjurers
  4 ice devils (Depths:4)
  23 merfolk
  Grinder (D:4)
  3 wind drakes
  A polar bear (shapeshifter) (Elf:1)
  8 trolls
  24 meliai
  A polar bear (Lair:3)
  A queen bee (Lair:4)
  6 hornets
  20 blink frogs
  A shadow dragon simulacrum (Depths:2)
  37 tarantellas
  An ettin zombie (Depths:2)
  A snapping turtle (shapeshifter) (Depths:3)
  9 snapping turtles
  4 dream sheep (Shoals:1)
  Sigmund (D:2)
  27 jumping spiders
  22 slime creatures
  6 spriggans
  3 air elementals
  2 centaur simulacra
  5 water elementals
  2 shadows
  3 wraiths
  23 culicivoras
  4 wyverns
  A fire elemental (Elf:3)
  25 yaks
  2 humans (Spider:4)
  2 hogs (Spider:4)
  4 vampire mosquitoes (D:14)
  3 basilisks
  A death yak simulacrum (Shoals:4)
  2 alligator snapping turtle simulacra (Shoals:4)
  45 redbacks
  3 steam dragons
  A chaos spawn (Depths:2)
  5 wargs
  13 water moccasins
  2 acid dragons (D:13)
  2 spectral cane toads (Lair:5)
  Duvessa (D:7)
  24 orc warriors
  2 sky beasts
  2 ice beasts
  6 black bears
  2 elephant zombies (Lair:5)
  An ettin simulacrum (Depths:4)
  16 ogres
  31 wolves
  11 centaurs
  A lemure (D:5)
  3 elephant skeletons (Lair:5)
  3 phantoms
  5 kobold brigands
  14 bullfrogs
  Blork the orc (Orc:2)
  A gnoll sergeant (D:11)
  6 merfolk simulacra (Shoals:4)
  3 faun simulacra (Shoals:4)
  3 scorpions
  2 earth elementals
  11 wights
  A cane toad simulacrum (Lair:5)
  Dowan (D:7)
  3 lindwurm simulacra (IceCv)
  44 killer bees
  3 snapping turtle simulacra (Shoals:4)
  7 howler monkeys
  7 komodo dragon simulacra (IceCv)
  A jelly (D:7)
  2 gnoll boudas
  17 orc priests
  7 hounds
  3 cyclops simulacra (Shoals:4)
  4 iguanas
  Crazy Yiuf (D:6)
  21 orc wizards
  A sleepcap (D:4)
  6 hell rats
  19 gnolls
  9 acid dragon simulacra (IceCv)
  9 adders
  A shadow imp (D:7)
  A white imp (D:7)
  2 steam dragon simulacra (IceCv)
  2 ufetubi
  3 worms
  3 dart slugs
  80 orcs
  8 bats
  9 endoplasms
  6 giant cockroaches
  7 goblins
  9 hobgoblins
  4 jackals (D:1)
  42 kobolds
  4 quokkas
  3 training dummies (Elf:2)
  8 ball pythons
  5 frilled lizards
  9 rats
  A tentacle (Shoals:4)
1587 creatures vanquished.

Vanquished Creatures (others)
  A deep elf knight (Elf:2)
  A deep elf archer (Elf:1)
  2 deep elf zephyrmancers
  A demonic crawler (Spider:1)
  2 redbacks
  A kobold (D:10)
  40 spectral weapons
  3 tentacles (Shoals:4)
51 creatures vanquished.

Grand Total: 1638 creatures vanquished

Notes
Turn   | Place    | Note
-------+----------+-------------------------------------------
     0 | D:1      | Kagerus the Merfolk Gladiator began the quest for the Orb.
     0 | D:1      | Reached XP level 1. HP: 16/16 MP: 1/1
    64 | D:1      | Reached XP level 2. HP: 22/22 MP: 2/2
   403 | D:1      | Reached XP level 3. HP: 26/27 MP: 3/3
   972 | D:2      | Reached skill level 5 in Polearms
   997 | D:2      | Noticed Sigmund
  1050 | D:2      | Identified the ring "Gareoxta" {AC+4 Int+2 Dex+3}
  1091 | D:2      | Reached XP level 4. HP: 19/33 MP: 4/4
  1256 | D:2      | Found a glowing golden altar of the Shining One.
  1813 | D:2      | Learned a level 2 spell: Wereblood
  2107 | D:3      | Reached XP level 5. HP: 33/39 MP: 5/5
  2194 | D:3      | Reached skill level 1 in Transmutations
  3153 | D:4      | Reached skill level 6 in Polearms
  3153 | D:4      | Reached skill level 1 in Armour
  3153 | D:4      | Reached XP level 6. HP: 47/47 MP: 6/6
  3180 | D:4      | Found an iron altar of Okawaru.
  3195 | D:4      | Became a worshipper of Warmaster Okawaru
  3236 | D:4      | Identified the +3 hand axe "Jetyq" {venom, Will+ MP+9}
  3280 | D:4      | Noticed a steam dragon
  3325 | D:4      | Killed a steam dragon
  3326 | D:4      | Reached XP level 7. HP: 47/53 MP: 4/7
  3579 | D:4      | Noticed Grinder
  3606 | D:4      | Paralysed by Grinder for 3 turns
  3615 | D:4      | Killed Grinder
  3615 | D:4      | Reached * piety under Okawaru
  4040 | D:4      | Reached skill level 1 in Shields
  4074 | D:4      | Reached XP level 8. HP: 61/61 MP: 8/8
  4199 | D:5      | Entered Level 5 of the Dungeon
  4286 | D:5      | Reached skill level 5 in Fighting
  4365 | D:5      | Reached skill level 7 in Polearms
  4449 | D:5      | Noticed Pikel
  4467 | D:5      | Killed Pikel
  4467 | D:5      | Reached ** piety under Okawaru
  4468 | D:5      | Reached skill level 5 in Transmutations
  4610 | D:5      | Reached XP level 9. HP: 44/71 MP: 9/9
  4709 | D:5      | Found a stormy altar of Qazlal.
  5225 | D:6      | Identified the +5 ring mail "Vish" {rPois Int+2}
  5246 | D:6      | Found a staircase to the Ecumenical Temple.
  5304 | D:6      | Reached *** piety under Okawaru
  5335 | D:6      | Reached skill level 8 in Polearms
  5441 | D:6      | Found a runed translucent door.
  5442 | D:6      | Noticed Crazy Yiuf
  5458 | D:6      | Killed Crazy Yiuf
  5586 | D:6      | Reached skill level 5 in Shields
  5832 | D:6      | Received a gift from Okawaru
  6521 | D:7      | Noticed Duvessa
  6521 | D:7      | Noticed Dowan
  6820 | D:6      | Learned a level 3 spell: Ozocubu's Armour
  6882 | D:7      | Reached skill level 1 in Ice Magic
  6896 | D:6      | Reached skill level 1 in Spellcasting
  6900 | D:6      | Reached **** piety under Okawaru
  8072 | D:6      | Reached XP level 10. HP: 78/80 MP: 10/12
  8196 | D:7      | Got Sif Muna's Almanac of Aeromancy
  8200 | D:7      | Learned a level 2 spell: Poisonous Vapours
  8283 | D:7      | Found a sparkling altar of Nemelex Xobeh.
  8299 | D:7      | Killed Duvessa
  8301 | D:7      | Killed Dowan
  8365 | D:7      | Identified the +2 pair of boots of the Ships {+Blink rF+
                  | Str+8 Int-2}
  8482 | D:7      | Reached skill level 9 in Polearms
  8838 | D:2      | Killed Sigmund
  9179 | D:8      | You fall into a shaft and drop 2 floors!
  9179 | D:10     | Entered Level 10 of the Dungeon
  9278 | D:10     | Found a white marble altar of Elyvilon.
  9336 | D:10     | Found a basalt altar of Yredelemnul.
  9396 | D:10     | Reached skill level 1 in Evocations
  9527 | D:10     | Found a staircase to the Orcish Mines.
  9657 | D:10     | Received a gift from Okawaru
  9658 | D:10     | Reached skill level 1 in Poison Magic
  9817 | D:9      | Reached skill level 1 in Air Magic
 10292 | D:9      | Reached ***** piety under Okawaru
 10402 | D:7      | Reached skill level 10 in Polearms
 10423 | D:8      | Noticed Erica
 10525 | D:8      | Reached XP level 11. HP: 89/89 MP: 15/15
 10586 | D:8      | Received a gift from Okawaru
 11887 | D:11     | Noticed a two-headed ogre
 11904 | D:11     | Killed a two-headed ogre
 11973 | D:11     | Noticed a two-headed ogre
 12003 | D:11     | Killed a two-headed ogre
 12004 | D:11     | Reached skill level 11 in Polearms
 12034 | D:11     | Noticed a boulder beetle
 12050 | D:11     | Killed a boulder beetle
 12056 | D:11     | Noticed a fire crab
 12067 | D:11     | Killed a fire crab
 12068 | D:11     | Reached skill level 10 in Fighting
 12217 | D:11     | Found a staircase to the Lair.
 12263 | D:11     | Reached ****** piety under Okawaru
 12318 | D:11     | Noticed a cyclops
 12335 | D:11     | Killed a cyclops
 12335 | D:11     | Received a gift from Okawaru
 12336 | D:11     | Reached skill level 5 in Evocations
 12691 | D:11     | Noticed Amaemon
 13091 | D:11     | Killed Amaemon
 13124 | D:11     | Noticed a soul eater
 13125 | D:11     | Reached skill level 5 in Dodging
 13261 | D:12     | Found a frozen archway.
 13270 | IceCv    | Entered an ice cave
 13564 | IceCv    | Reached XP level 12. HP: 97/97 MP: 13/16
 15609 | IceCv    | Reached skill level 12 in Polearms
 15896 | IceCv    | Noticed a white draconian
 15936 | IceCv    | Killed a white draconian
 15936 | IceCv    | Received a gift from Okawaru
 16020 | IceCv    | Found the +4 skin of Zhor {*Englaciate rC+++ SInv}
 16114 | IceCv    | Identified the amulet of Sezas {Faith rN+ Will+ rCorr}
 16409 | D:12     | Noticed a boulder beetle
 16425 | D:12     | Killed a boulder beetle
 16439 | D:12     | Noticed a boulder beetle
 16460 | D:12     | Killed a boulder beetle
 16984 | D:12     | Reached skill level 5 in Armour
 17643 | D:13     | Noticed Maurice
 17652 | D:13     | Received a gift from Okawaru
 17656 | D:13     | Killed Maurice
 17795 | D:13     | Noticed a two-headed ogre
 17805 | D:13     | Killed a two-headed ogre
 17874 | D:13     | Noticed Lodul
 17881 | D:13     | Killed Lodul
 17882 | D:13     | Reached XP level 13. HP: 104/104 MP: 15/17
 17886 | D:13     | Reached skill level 10 in Shields
 17967 | D:14     | Noticed a fire dragon
 17975 | D:14     | Killed a fire dragon
 17985 | D:14     | Received a gift from Okawaru
 18090 | D:14     | Reached skill level 13 in Polearms
 18256 | D:14     | Reached skill level 5 in Poison Magic
 18511 | D:13     | Found a gate to the Vaults.
 18605 | D:13     | Noticed Snorg
 18617 | D:13     | Killed Snorg
 19174 | D:14     | Received a gift from Okawaru
 19431 | D:14     | Identified the +2 leather armour "Sephaxod" {rPois SInv}
 19865 | D:15     | Entered Level 15 of the Dungeon
 19972 | D:15     | Identified the +2 hat "Koelunka" {rF+ Will+ Int+2} (Okawaru
                  | gifted it to you on level 15 of the Dungeon)
 19972 | D:15     | Received a gift from Okawaru
 19973 | D:15     | Reached skill level 14 in Polearms
 20122 | D:15     | Reached XP level 14. HP: 115/115 MP: 4/18
 20289 | D:15     | Identified 2 scrolls of acquirement
 20289 | D:15     | Acquired the +2 pair of gloves "Jihoplefy" {rPois Int+3}
 20552 | D:15     | Found a staircase to the Depths.
 20552 | D:15     | Noticed a dire elephant
 20553 | D:15     | Noticed an emperor scorpion
 20594 | D:14     | Killed an emperor scorpion
 20617 | D:14     | Reached skill level 15 in Polearms
 20629 | D:14     | Killed a dire elephant
 21053 | D:15     | Received a gift from Okawaru
 21072 | D:15     | Acquired Cymin's Exposition on Non-Euclidean Assaults
 21078 | D:15     | Learned a level 1 spell: Apportation
 21150 | D:15     | Learned a level 2 spell: Blink
 21290 | D:15     | Reached skill level 1 in Translocations
 21490 | D:15     | Found Giups's Magic Scroll Emporium.
 21494 | D:15     | Bought a scroll of magic mapping for 120 gold pieces
 21655 | Lair:1   | Entered Level 1 of the Lair of Beasts
 21798 | D:8      | Killed Erica
 22263 | Lair:1   | Noticed Nergalle
 22281 | Lair:1   | Killed Nergalle
 23313 | Lair:2   | Got Arit Luo's Directory of Blight and the Fault
 23317 | Lair:2   | Learned a level 2 spell: Passwall
 23326 | Lair:2   | Learned a level 3 spell: Mephitic Cloud
 23356 | Lair:2   | Found a radiant altar of Vehumet.
 23678 | Lair:2   | Received a gift from Okawaru
 23702 | Lair:2   | Reached XP level 15. HP: 65/125 MP: 19/19
 23782 | Lair:2   | Found a staircase to the Shoals.
 24135 | Shoals:1 | Entered Level 1 of the Shoals
 24328 | Lair:3   | Acquired 714 gold pieces
 24682 | Lair:3   | Found a hole to the Spider Nest.
 24737 | Lair:3   | Reached skill level 1 in Conjurations
 25407 | Lair:4   | Reached skill level 10 in Dodging
 25419 | Lair:4   | You fall into a shaft and drop 1 floor!
 25419 | Lair:5   | Entered Level 5 of the Lair of Beasts
 25471 | Lair:5   | Reached skill level 1 in Invocations
 25507 | Lair:5   | Received a gift from Okawaru
 25591 | Lair:5   | Found a staircase to the Slime Pits.
 25591 | Lair:5   | Found a viscous altar of Jiyva.
 25983 | Lair:4   | Identified the +0 pair of boots of Xiothreimn {Regen+ Str+3
                  | Int-3 Dex+4} (Okawaru gifted it to you on level 4 of the
                  | Lair of Beasts)
 25983 | Lair:4   | Received a gift from Okawaru
 27498 | Lair:5   | Reached XP level 16. HP: 131/134 MP: 20/20
 27835 | Lair:5   | Received a gift from Okawaru
 28488 | Orc:1    | Entered Level 1 of the Orcish Mines
 28552 | Orc:2    | Entered Level 2 of the Orcish Mines
 28612 | Orc:2    | Noticed Sonja
 28623 | Orc:2    | Killed Sonja
 28643 | Orc:2    | Reached skill level 5 in Invocations
 28712 | Orc:2    | Found Sootot's General Store.
 28844 | Orc:2    | Received a gift from Okawaru
 28921 | Orc:2    | Reached skill level 15 in Fighting
 28959 | Orc:2    | Noticed Rupert
 28985 | Orc:2    | Killed Rupert
 29014 | Orc:2    | Noticed Blork the orc
 29027 | Orc:2    | Killed Blork the orc
 29067 | Orc:2    | Found Opsorim's Book Shoppe.
 29162 | Orc:2    | Bought an Inescapable Atlas for 384 gold pieces
 29171 | Orc:2    | Learned a level 4 spell: Manifold Assault
 29180 | Orc:2    | Found Rimy's Antique Weapon Shoppe.
 29199 | Orc:2    | Found Kyggae's Armour Boutique.
 29306 | Orc:2    | Found Gyfryab's Antique Armour Shoppe.
 29347 | Orc:2    | Found Poamesch's Antique Weapon Shoppe.
 29398 | Orc:2    | Found a staircase to the Elven Halls.
 29470 | Orc:2    | Found Tupaukhe's General Store.
 30230 | Spider:1 | Entered Level 1 of the Spider Nest
 30384 | Spider:1 | Received a gift from Okawaru
 30754 | Spider:1 | Identified the +3 cloak "Ihyixikk" {-Tele rCorr Dex+4}
                  | (Okawaru gifted it to you on level 1 of the Spider Nest)
 30754 | Spider:1 | Received a gift from Okawaru
 31068 | Spider:1 | Reached skill level 16 in Polearms
 31246 | Spider:1 | Reached XP level 17. HP: 144/144 MP: 8/21
 32400 | Spider:2 | Noticed Arachne
 32466 | Spider:2 | Killed Arachne
 32550 | Spider:2 | Noticed Asterion
 33403 | Spider:2 | Identified the +5 spear "Gobeafuw" {holy, Will+ Str+3}
                  | (Okawaru gifted it to you on level 2 of the Spider Nest)
 33403 | Spider:2 | Received a gift from Okawaru
 33527 | Spider:2 | Reached skill level 17 in Polearms
 33834 | Spider:3 | Identified the +5 quick blade of Causality {protect, rPois
                  | rC+ Will+ Str-2} (Okawaru gifted it to you on level 3 of
                  | the Spider Nest)
 33834 | Spider:3 | Received a gift from Okawaru
 34333 | Spider:4 | Entered Level 4 of the Spider Nest
 34384 | Spider:3 | Gained mutation: Your body sometimes deteriorates upon
                  | taking damage. [mutagenic glow]
 34748 | Spider:4 | Noticed Kirke
 34771 | Spider:4 | Killed Kirke
 34773 | Spider:4 | Received a gift from Okawaru
 34893 | Spider:4 | Reached skill level 18 in Polearms
 34924 | Spider:4 | Reached XP level 18. HP: 85/154 MP: 22/22
 35081 | Spider:4 | Received a gift from Okawaru
 35096 | Spider:4 | Reached skill level 15 in Dodging
 35242 | Spider:4 | Got a gossamer rune of Zot
 35393 | Spider:4 | HP: 3/156 [disintegration (54)]
 36469 | Arena    | Entered the Arena
 36483 | Arena    | Killed Asterion
 37244 | Shoals:1 | Noticed Louise
 37259 | Shoals:1 | Killed Louise
 37483 | Shoals:1 | Reached skill level 19 in Polearms
 38504 | Shoals:2 | Found Lytyfuex's General Store.
 38516 | Shoals:2 | Bought a potion of haste for 160 gold pieces
 38516 | Shoals:2 | Bought a scroll of blinking for 120 gold pieces
 38518 | Shoals:2 | Noticed Donald
 38532 | Shoals:2 | Killed Donald
 38532 | Shoals:2 | Received a gift from Okawaru
 38843 | Shoals:2 | Received a gift from Okawaru
 39571 | Shoals:3 | Learned a level 3 spell: Teleport Other
 40085 | Shoals:4 | Entered Level 4 of the Shoals
 40085 | Shoals:4 | Identified Roxanne's Omnibus of the Body
 40085 | Shoals:4 | Noticed Roxanne
 40131 | Shoals:4 | Noticed Ilsuiw
 40452 | Shoals:4 | Identified the ring "Zoinul" {rPois rN+++ Will+ rCorr
                  | Int-3}
 40617 | Shoals:4 | Reached XP level 19. HP: 28/152 MP: 17/23
 40693 | Shoals:4 | Reached skill level 20 in Polearms
 40744 | Shoals:4 | Got a barnacled rune of Zot
 40782 | Shoals:4 | Found a runed translucent gate.
 40782 | Shoals:4 | Found a runed translucent gate.
 40782 | Shoals:4 | Found a runed translucent gate.
 41212 | Shoals:4 | Killed Ilsuiw
 41293 | Shoals:4 | Received a gift from Okawaru
 41915 | Shoals:4 | Received a gift from Okawaru
 42207 | Elf:1    | Entered Level 1 of the Elven Halls
 42404 | Elf:1    | You fall into a shaft and drop 1 floor!
 42426 | Elf:2    | Noticed Jorgrun
 42443 | Arena    | Entered the Arena
 42454 | Arena    | Killed Jorgrun
 42762 | Elf:2    | Found a runed translucent gate.
 42763 | Elf:2    | Found a runed translucent gate.
 42763 | Elf:2    | Found a runed translucent gate.
 43027 | Elf:2    | Identified the +11 quarterstaff of Amethif {heavy, rC+ rN+
                  | Int+3 Dex+3}
 43094 | Elf:2    | Received a gift from Okawaru
 43172 | Elf:2    | Reached skill level 21 in Polearms
 43625 | Elf:2    | Reached XP level 20. HP: 175/175 MP: 21/24
 43642 | Elf:2    | Received a gift from Okawaru
 43670 | Elf:2    | Found Wane's Distillery.
 43676 | Elf:2    | Bought a potion of berserk rage for 85 gold pieces
 43676 | Elf:2    | Bought 3 potions of curing for 153 gold pieces
 43676 | Elf:2    | Bought a potion of curing for 51 gold pieces
 43676 | Elf:2    | Bought a potion of haste for 170 gold pieces
 43816 | Elf:1    | Noticed Aizul
 43827 | Elf:1    | Killed Aizul
 44016 | Elf:1    | Reached skill level 10 in Evocations
 44057 | Elf:1    | Reached skill level 15 in Shields
 44160 | Elf:1    | Got Sif Muna's Lessons on Injury and the Gang
 44208 | Elf:1    | Paralysed by an air elemental for 1 turns
 44668 | Elf:1    | Found Olypaf's Magic Scroll Boutique.
 44671 | Elf:1    | Bought a scroll of blinking for 142 gold pieces
 44671 | Elf:1    | Bought a scroll of magic mapping for 142 gold pieces
 45010 | Elf:3    | Entered Level 3 of the Elven Halls
 45414 | Elf:3    | Received a gift from Okawaru
 45435 | Elf:3    | Received a gift from Okawaru
 45798 | Elf:3    | Identified the +11 hand axe of Fessevoa {spect, *Slow rC+
                  | Int+4 Dex+2}
 45798 | Elf:3    | Identified the +3 leather armour of Jigsaw {rF- Int+3
                  | Dex+3}
 45798 | Elf:3    | Identified the amulet "Wusiuli" {RegenMP rElec rF+++ rC-
                  | Dex+3}
 45924 | Elf:3    | Identified the +7 quarterstaff of Ruination {freeze,
                  | Fragile Fly rPois rC+++}
 45981 | Elf:3    | Identified the +7 war axe "Hiden" {heavy, Str+2}
 45983 | Elf:3    | Reached skill level 22 in Polearms
 46106 | Elf:3    | Identified the +5 ring mail of Syndicalism {Harm rPois}
 46139 | Elf:3    | Identified the +2 leather armour of Conscience {Int+3}
 46287 | Elf:3    | Identified the staff of death "Naz Kefo" {*Corrode rN+ MP+9
                  | SInv Stlth+}
 46316 | Elf:3    | Identified the staff of cold "Qygosh" {rC+ Dex+5}
 46325 | Elf:3    | Learned a level 3 spell: Swiftness
 46360 | Elf:3    | Identified the staff of poison "Okhot" {rPois rF+ rCorr
                  | Int-3}
 46371 | Elf:3    | Identified the +1 cloak of the Moon {rPois}
 46401 | Elf:3    | Got the Catalogue of Polar Gases
 47674 | Depths:1 | Entered Level 1 of the Depths
 47828 | Depths:1 | Reached XP level 21. HP: 184/184 MP: 27/27
 47979 | Depths:1 | Found a blossoming altar of Fedhas.
 48141 | Depths:1 | Found a one-way gate to the infinite horrors of the Abyss.
 48171 | Depths:1 | Found a one-way gateway to a ziggurat.
 48293 | Depths:1 | Found a gateway to Hell.
 48755 | Depths:2 | Identified the +1 plate armour "Loc Kybb" {Harm rPois rC-
                  | Int+3} (Okawaru gifted it to you on level 2 of the Depths)
 48755 | Depths:2 | Received a gift from Okawaru
 48831 | Depths:2 | Found a one-way gate leading to the halls of Pandemonium.
 48889 | Depths:2 | Got Gloorx Vloq's Tractate on Resurrection
 49189 | Depths:2 | Found a broken altar of Ashenzari.
 49359 | Depths:2 | Noticed a juggernaut
 49360 | Depths:2 | Found the +12 pair of quick blades "Gyre" and "Gimble"
                  | {protect}
 49386 | Depths:2 | Killed a juggernaut
 49399 | Depths:2 | Reached skill level 10 in Invocations
 49403 | Depths:2 | Reached skill level 23 in Polearms
 49535 | Depths:2 | Found the +8 storm bow {elec, penet}
 49547 | Depths:2 | Identified the staff of air "Pempipeh" {rElec Str+3 Dex+3
                  | Stlth+}
 50076 | Depths:3 | Noticed Mennas
 50116 | Depths:3 | Killed Mennas
 50309 | Depths:3 | Reached skill level 10 in Armour
 50323 | Depths:3 | Noticed a golden dragon
 50338 | Depths:3 | Killed a golden dragon
 50373 | Depths:3 | Noticed a golden dragon
 50388 | Depths:3 | Killed a golden dragon
 50438 | Depths:3 | Received a gift from Okawaru
 50439 | Depths:3 | Reached XP level 22. HP: 139/194 MP: 30/30
 50594 | Depths:3 | Identified the +5 kite shield of Nibbug {Regen+ Str+7}
                  | (Okawaru gifted it to you on level 3 of the Depths)
 50594 | Depths:3 | Received a gift from Okawaru
 50966 | Depths:4 | Entered Level 4 of the Depths
 51906 | Depths:4 | Reached skill level 24 in Polearms
 52096 | Depths:4 | Found a white marble altar of Elyvilon.
 52318 | Depths:4 | Noticed a caustic shrike
 52325 | Depths:4 | Killed a caustic shrike
 52326 | Depths:4 | Noticed a caustic shrike
 52330 | Depths:4 | Noticed a caustic shrike
 52341 | Depths:4 | Killed a caustic shrike
 52342 | Depths:4 | Noticed a caustic shrike
 52348 | Depths:4 | Killed a caustic shrike
 52350 | Depths:4 | Noticed a caustic shrike
 52374 | Depths:3 | Slain by a caustic shrike

Illustrated notes

Levels and vault maps discovered:
D:1:      dpeg_arrival_stone_temple_mockup, layout_basic
D:2:      minmay_angry_zag, layout_basic, basic_altar, minmay_tetromino_l2,
          uniq_sigmund
D:3:      layout_loops_corners, minmay_misc_feat_iff, nrook_mini_vaults
D:4:      cheibrodos_barr_body, layout_basic, nicolae_overflow_crystal_walls,
          feat_on_display, uniq_grinder
D:5:      layout_loops_ring, nicolae_qazlal_eye_of_the_storm,
          chequers_serial_rivers_large_a, glass_columns_c, hex_tiny,
          dk_noncrumbling_2, uniq_pikel
D:6:      kennysheep_kobold_camp, layout_basic,
          minmay_temple_entry_glassed_door, nicolae_elevator_lobby_asterisk,
          uniq_crazy_yiuf_cottage
D:7:      layout_cave_pools, nemelex_xobeh_ov_fountains_minmay,
          kennysheep_generic_room_12, uniq_duvessa
D:8:      layout_gridville, uniq_erica
D:9:      layout_roguey, chequers_avenue, kennysheep_path_1
D:10:     layout_cave_pools, kennysheep_ying_yang, erik_orc_4
D:11:     layout_basic, grunt_lair_entry_orc_guard_hut, uniq_amaemon
D:12:     layout_gridville, portal_ice_cave_entry_pillars_1, minmay_liquid_box
D:13:     layout_roguey, david_vaults_1, chequers_serial_rivers_micro_e,
          uniq_maurice, uniq_lodul, uniq_snorg
D:14:     layout_irregular_city, nicolae_integral_box
D:15:     hangedman_depths_entry_try_elsewhere_first, layout_irregular_city,
          serial_shops, shop
Lair:1:   wad_woods_tower, layout_hall_layers, grunt_megastairs_2, uniq_nergalle
Lair:2:   layout_concentric_octagons, minmay_shoals_entry_centaurs, basic_altar,
          minivault_25, beast_lair_carwin_3, infiniplex_staircase_pool
Lair:3:   layout_regular_city, dummy_spider_entry
Lair:4:   regret_index_combs_of_tragedy, layout_regular_city
Lair:5:   due_jungle_book, layout_cave_shapes, slime_entry_1
Shoals:1: layout_shoals, uniq_louise
Shoals:2: layout_shoals, serial_shops, nicolae_square_shop, uniq_donald
Shoals:3: layout_shoals
Shoals:4: shoals_end_grunt_ice, layout_shoals, shoals_ilsuiw_alternative,
          nicolae_shoals_beach_cooler, uniq_roxanne
Spider:1: layout_cave_pods, worms_lemuel, hangedman_spider_tarantella_strand
Spider:2: layout_spider_delve, uniq_arachne, uniq_asterion
Spider:3: layout_spider_delve, nicolae_spider_rock_and_or_roll
Spider:4: hellmonk_spider_rune_endless_swarm, uniq_kirke
Orc:1:    layout_diamond_mine
Orc:2:    grunt_orc_cross, layout_caves, basic_altar, serial_shops,
          nicolae_shop_crystal, shop, shop, uniq_rupert, uniq_sonja
Elf:1:    eino_elf_arrival_shootout, layout_rooms, serial_shops,
          nicolae_shop_rolled_up, minmay_elf_sorcery, minmay_misc_feat_alley,
          uniq_aizul
Elf:2:    elven_hall_of_blades_hangedman_original
          [nicolae_blade_entry_crossed_weapons], layout_geoelf_grid,
          serial_shops, nicolae_shop_industrial_runoff,
          serial_sigils_hangedman_gnaw, nicolae_elf_archery_training,
          uniq_jorgrun
Elf:3:    grunt_elf_hall_branching, layout_loops_corners
Depths:1: layout_gridville, enter_ziggurat_e, abyss_entry,
          grunt_hell_entry_dis_grunt, fedhas_altar_2
Depths:2: minmay_the_grid_triangle_9x9_recursive_2_mashed
          [minmay_the_grid_triangle_9x9_prize_insulated,
          minmay_the_grid_triangle_9x9_alien,
          minmay_the_grid_triangle_9x9_zippers_horizontal,
          minmay_the_grid_triangle_9x9_from_above], layout_gridlike,
          rand_demon_pan_entry_1, lemuel_statue_altar, hell_entry, special_room
          [special_room_morgue], cheibrodos_ashenzari_chains,
          serial_bayou_shore_b
Depths:3: evilmike_cross, layout_basic, pf_hell_entry_great_geh,
          nicolae_concentric_dashed_squares_wild, abyss_entry,
          nicolae_triple_integral, uniq_mennas
Depths:4: grunt_profane_halls [grunt_profane_temple_coc,
          grunt_profane_temple_dis, grunt_profane_temple_tar,
          grunt_profane_temple_geh, grunt_zot_portal], hell_entry, abyss_entry,
          pan_entry

Skill      XL: |  1  2  3  4  5  6  7  8  9 10 11 12 13 14 15 16 17 18 19 20 21 22 |
---------------+-------------------------------------------------------------------+-----
Polearms       | 5 6 7 8 10 11 12 14 15 16 18 19 21 22 23 24 | 24.1
Throwing       | 3 4 |  4.0
Transmutations | 1 3 5 6 7 |  7.8
Fighting       | 3 4 6 8 9 10 12 13 14 15 17 18 19 20 21 22 | 22.0
Armour         | 1 2 3 5 7 8 10 | 10.0
Shields        | 1 4 5 7 8 9 11 12 13 14 15 | 15.0
Ice Magic      | 1 3 |  3.0
Spellcasting   | 1 3 |  3.0
Evocations     | 3 5 7 9 10 | 10.2
Poison Magic   | 2 3 4 5 |  5.5
Air Magic      | 1 2 3 4 |  4.5
Dodging        | 5 8 9 12 14 15 | 15.5
Translocations | 4 |  4.3
Conjurations   | 2 |  2.8
Invocations    | 3 5 6 8 11 12 | 12.3

Action                     |  1- 3 |  4- 6 |  7- 9 | 10-12 | 13-15 | 16-18 | 19-21 | 22-24 || total
---------------------------+-------+-------+-------+-------+-------+-------+-------+-------++-------
  Melee: Trident           |   123 |   178 |   325 |   750 |       |       |       |       ||  1376
         Punch             |     1 |       |       |       |       |       |       |       ||     1
         Tailslap          |       |       |     1 |       |     6 |    49 |     9 |       ||    65
         Demon trident     |       |       |       |   185 |  1457 |  2175 |  1392 |   249 ||  5458
         Glaive            |       |       |       |    14 |       |       |       |       ||    14
         Trishula          |       |       |       |       |       |       |       |    54 ||    54
  Throw: Throwing net      |       |       |     3 |     2 |       |       |       |       ||     5
         Javelin           |       |       |     1 |     9 |     4 |     1 |     2 |       ||    17
         Dart              |       |       |     3 |    98 |    15 |    33 |    18 |       ||   167
   Cast: Wereblood         |       |     1 |     3 |    10 |    26 |    20 |     5 |     3 ||    68
         Poisonous Vapours |       |       |       |       |     2 |     1 |     1 |       ||     4
         Mephitic Cloud    |       |       |       |       |       |     2 |       |       ||     2
         Blink             |       |       |       |       |       |       |       |     1 ||     1
 Invoke: Heroism           |       |       |       |     4 |     4 |    12 |     8 |       ||    28
         Finesse           |       |       |       |       |       |     3 |     1 |       ||     4
         Duel              |       |       |       |       |       |     1 |     1 |       ||     2
Ability: Evoke Blink       |       |       |       |     9 |     3 |     1 |       |       ||    13
         Evoke Invisibilit |       |       |       |       |       |     1 |     1 |       ||     2
  Evoke: Wand              |       |       |       |       |     3 |     4 |     2 |       ||     9
         Lightning rod     |       |       |       |       |     2 |     1 |       |       ||     3
    Use: Scroll            |       |     9 |     6 |     9 |     9 |    14 |     4 |       ||    51
         Potion            |       |       |       |     3 |     1 |     6 |       |       ||    10
   Stab: Sleeping          |     4 |     7 |     4 |     3 |     7 |     8 |     4 |       ||    37
         Distracted        |       |     1 |       |       |     4 |    11 |    48 |    10 ||    74
         Held in net/web   |       |       |     2 |       |       |     1 |       |       ||     3
         Invisible         |       |       |       |       |       |     4 |       |       ||     4
 Armour: Leather armour    |    33 |    38 |    56 |    51 |       |       |       |       ||   178
         Troll leather arm |       |       |       |   107 |   349 |   497 |   159 |    54 ||  1166
  Dodge: Dodged            |    94 |    73 |    87 |   259 |   631 |  1455 |   457 |   203 ||  3259
  Block: Other             |    12 |    31 |       |     1 |       |       |       |       ||    44
         Reflection        |       |     2 |    13 |    23 |       |       |       |       ||    38
         Kite shield       |       |       |   264 |   649 |       |   166 |   534 |   233 ||  1846
         Tower shield      |       |       |       |   129 |  1384 |  2150 |       |       ||  3663
